 Dungeon Crawl Stone Soup version 0.31-a0-1570-g93c622d222 (webtiles) character file.

Game seed: 7774118275161195017

54 Laraso the Chopper (level 3, -6/31 HPs)
             Began as a Hill Orc Fighter on Jan 3, 2024.
             Mangled by a goblin
             ... wielding a +2 dagger of electrocution
             ... led by Robin
              (20 damage)
             ... on level 2 of the Dungeon.
             The game lasted 00:01:11 (877 turns).

Laraso the Chopper (Hill Orc Fighter)                Turns: 877, Time: 00:01:11

Health: -6/31      AC:  6    Str: 18    XL:     3   Next: 91%
Magic:  3/3        EV:  9    Int:  8    God:
Gold:   97         SH:  0    Dex: 12    Spells: 2/2 levels left

rFire   . . .        a - +0 war axe
rCold   . . .        c - +0 buckler
rNeg    . . .        b - +0 scale mail
rPois   .            (no helmet)
rElec   .            (no cloak)
rCorr   .            (no gloves)
SInv    .            (no boots)
Will    +....        (no amulet) Stlth
                     (no ring)
HPRegen 0.25/turn    (no ring)
MPRegen 0.08/turn

%: no passive effects
@: confused, ambrosia-drunk, enlightened, flying
A: no striking features
a: no special abilities


You were on level 2 of the Dungeon.
You visited 1 branch of the dungeon, and saw 2 of its levels.

You collected 97 gold pieces.

Inventory:

Hand Weapons
 a - a +0 war axe (weapon)
Armour
 b - a +0 scale mail (worn)
 c - a +0 buckler (worn)
Scrolls
 f - a scroll of teleportation {unknown}
Potions
 d - a potion of might
 g - a potion of invisibility {unknown}
 h - a potion of enlightenment
 i - a potion of haste {unknown}


   Skills:
 - Level 3.6 Fighting
 * Level 5.4 Axes
 - Level 3.2 Armour
 - Level 3.2 Shields


You had 2 spell levels left.
You didn't know any spells.
Your spell library was empty.

Dungeon Overview and Level Annotations

Branches:
Dungeon (2/15)

Altars:

Annotations:
D:2 Robin


Message History

You closely miss the goblin.
Robin roars a battlecry!
The goblins go into a battle-frenzy!
Sorry, you're not good enough to have a special ability.
Unknown command.
It was a potion of enlightenment.
You feel very buoyant.
You fly up into the air.
The goblin barely misses you. You block Robin's attack. The hobgoblin hits you.
You slash the goblin!
You kill the goblin!
You hit the hobgoblin.
A ribbon worm comes into view.
Robin throws the goblin at you! The goblin hits you but does no damage.
The hobgoblin closely misses you.
You closely miss the hobgoblin.
The hobgoblin is severely wounded.
You barely miss the goblin.
The hobgoblin hits you but does no damage.
The goblin hits you with a +2 dagger of electrocution.
The hobgoblin attacks as it pursues you!
The hobgoblin hits you but does no damage.
Unknown command.
You slash the hobgoblin!
You kill the hobgoblin!
The goblin hits you with a +2 dagger of electrocution.
Unknown command.
It was a potion of ambrosia.
You are confused.
You feel invigorated.
The goblin hits you with a +2 dagger of electrocution.
You are electrocuted!
* * * LOW HITPOINT WARNING * * *
Okay, then.
The goblin attacks as it pursues you! The goblin hits you but does no damage.
You closely miss the goblin.
The goblin hits you with a +2 dagger of electrocution.
You are electrocuted!!
Ouch! That really hurt!
You die...

#.....##.##.##.#
...............#
##..#####.#.####
####.#.#
#......#
.....##.#.###
.... ...#...###
........###...#
.......###@.#.#
#.##.## #g##+#
#. #g# .
#gg.8g..#
###gg.... ##....
#w. .


You could see 4 goblins.

Vanquished Creatures
  An adder (D:2)
  3 dart slugs (D:1)
  3 ball pythons (D:1)
  2 bats (D:1)
  3 endoplasms (D:1)
  4 giant cockroaches
  7 goblins
  3 hobgoblins
  3 quokkas (D:1)
  3 kobolds (D:1)
  2 rats (D:1)
34 creatures vanquished.

Notes
Turn   | Place    | Note
-------+----------+-------------------------------------------
     0 | D:1      | Laraso the Hill Orc Fighter began the quest for the Orb.
     0 | D:1      | Reached XP level 1. HP: 19/19 MP: 1/1
    96 | D:1      | Reached skill level 3 in Axes
   150 | D:1      | Reached XP level 2. HP: 21/26 MP: 2/2
   240 | D:1      | Reached skill level 4 in Axes
   308 | D:1      | Reached XP level 3. HP: 31/31 MP: 3/3
   761 | D:1      | Reached skill level 5 in Axes
   866 | D:2      | Noticed Robin
   877 | D:2      | Mangled by a goblin

Illustrated notes

Levels and vault maps discovered:
D:1:      dpeg_arrival_prison, layout_loops_ring
D:2:      layout_loops_cross, grunt_ministairs_13, uniq_robin, uniq_sigmund

Skill      XL: |  1  2  3 |
---------------+----------+-----
Axes           | 3 4 5 |  5.4
Fighting       | |  3.6
Armour         | |  3.2
Shields        | |  3.2

Action                     || total
---------------------------++-------
  Melee: War axe           ||    88
    Use: Potion            ||     2
 Armour: Scale mail        ||    52
  Dodge: Dodged            ||    40
  Block: Buckler           ||    19

Table legend: (Time is in decaauts)
 A = Elapsed time spent in this place.
 B = Non-inter-level travel time spent in this place.
 C = Inter-level travel time spent in this place.
 D = Time resting spent in this place.
 E = Time spent auto-exploring this place.
 F = Levels seen in this place.
 G = Mean time per level.
                   A        B        C        D        E       F      G
               +--------+--------+--------+--------+--------+-----+--------+
         Total |    903 |    866 |     37 |      0 |    656 |   2 |  451.5 |
       Dungeon |    903 |    866 |     37 |      0 |    656 |   2 |  451.5 |
               +--------+--------+--------+--------+--------+-----+--------+

Top non-repeatable levels by time:
     D:1: 818 daAuts
     D:2: 84 daAuts
